 Dungeon Crawl Stone Soup version 0.30-a0-371-gad7725a93e (webtiles) character file.

Game seed: 18032632760179892735

18190 mopl the Covert (level 12, -2/74 HPs)
             Began as an Octopode Brigand on Nov 20, 2022.
             Was a Priest of Dithmenos.
             Slain by a white ugly thing (29 damage)
             ... in an ice cave.
             The game lasted 00:31:08 (12168 turns).

mopl the Covert (Octopode Brigand)                 Turns: 12168, Time: 00:31:09

Health: -2/74      AC:  6    Str:  9    XL:     12   Next: 55%
Magic:  0/28       EV: 13    Int: 18    God:    Dithmenos [***...]
Gold:   1775       SH:  0    Dex: 29    Spells: 7/20 levels left

rFire   + . .      SeeInvis .    b - +10 scimitar of Turmoil {drain, rF+}
rCold   . . .      Faith    .    (no shield)
rNeg    + . .      Spirit   +    i - +1 hat {Stlth+}
rPois   +          Reflect  .    k - amulet of guardian spirit
rElec   .          Harm     .    h - +4 ring of protection
rCorr   .          Rampage  .    e - ring of willpower
Will    +....                    u - ring of positive energy Stlth *+++++++++
                                 y - ring of flight
HPRegen 0.32/turn                C - ring of magical power
MPRegen 0.21/turn                I - +6 ring of dexterity
                                 O - ring of poison resistance
                                 S - +6 ring of dexterity

@: flying, wreathed by umbra
A: almost no armour, amphibious, 8 rings, camouflage 1, gelatinous body 1,
(nimble swimmer 1), tentacles, agile 1, poison resistance, wild magic 1
a: Renounce Religion, Shadow Step


You were in an ice cave.
You worshipped Dithmenos.
Dithmenos was most pleased with you.
You visited 2 branches of the dungeon, and saw 12 of its levels.
You also visited: Sewer, Bailey and Ice Cave.

You collected 1937 gold pieces.
You spent 162 gold pieces at shops.

Inventory:

Hand Weapons
 a - a +2 dagger
 b - the +10 scimitar of Turmoil (weapon) {drain, rF+}
   (You bought it in a shop on level 3 of the Dungeon)

   A truly terrible weapon, it drains the life of any living foe it strikes.
   rF:        It protects you from fire.
 n - a +1 scimitar of flaming
 M - a +0 dagger of venom
Missiles
 c - 8 curare-tipped darts
 B - 25 poisoned darts (quivered)
 D - 8 boomerangs
 L - 6 javelins
 N - 4 throwing nets
 Q - 5 datura-tipped darts
Armour
 i - a +1 hat of stealth (worn)
 t - a +0 kite shield
Magical Staves
 V - a staff of poison
Jewellery
 e - a ring of willpower (right tentacle)
 h - a +4 ring of protection (left tentacle)
 j - a ring of fire
 k - an amulet of guardian spirit (around mantle)
 u - a ring of positive energy (on tentacle)
 y - a ring of flight (on tentacle)
 C - a ring of magical power (on tentacle)
 E - an amulet of magic regeneration
 F - an amulet of the acrobat
 I - a +6 ring of dexterity (on tentacle)
 O - a ring of poison resistance (on tentacle)
 S - a +6 ring of dexterity (on tentacle)
Wands
 m - a wand of iceblast (13)
 r - a wand of flame (17)
 T - a wand of polymorph (1)
 U - a wand of paralysis (3)
 Y - a wand of digging (6)
Scrolls
 d - 3 scrolls of enchant armour
 g - 2 scrolls of immolation {unknown}
 p - 4 scrolls of poison {unknown}
 q - 3 scrolls of enchant weapon {unknown}
 v - a scroll of fear {unknown}
 w - a scroll of vulnerability {unknown}
 x - 6 scrolls of teleportation
 J - a scroll of magic mapping {unknown}
 P - 3 scrolls of butterflies {unknown}
 W - a scroll of noise {unknown}
 Z - 3 scrolls of amnesia {unknown}
Potions
 f - 2 potions of brilliance
 l - 4 potions of haste
 o - 3 potions of mutation {!q}
 s - a potion of resistance
 z - 2 potions of magic
 A - 3 potions of lignification {!q}
 G - a potion of cancellation
 H - 7 potions of curing
 K - 2 potions of flight


   Skills:
 - Level 4.0 Fighting
 - Level 2.0(5.5) Short Blades
 + Level 8.2(8.3) Long Blades
 + Level 8.4 Throwing
 - Level 1.0 Dodging
 + Level 12.7 Stealth
 + Level 6.6 Shields
 + Level 4.8 Spellcasting
 - Level 3.0 Conjurations
 * Level 5.7 Hexes
 - Level 4.0 Transmutations
 - Level 4.0 Earth Magic
 + Level 7.9 Poison Magic
 + Level 2.0 Evocations


You had 7 spell levels left.
You knew the following spells:

 Your Spells              Type           Power      Damage    Failure   Level
a - Apportation           Tloc           10%        N/A       21%         1
c - Dazzling Flash        Conj/Hex       52%        N/A       11%         3
d - Tukima's Dance        Hex            32%        N/A       6%          3
o - Olgreb's Toxic Radia  Pois           42%        N/A       9%          4
p - Passwall              Tmut/Erth      20%        N/A       7%          2

Your spell library contained the following spells:

 Spells                   Type           Power      Damage    Failure   Level
 Sandblast                Erth           48%        2d12      4%          1
 Stone Arrow              Conj/Erth      44%        3d9       14%         3
 Alistair's Intoxication  Tmut/Pois      22%        N/A       41%         5
 Yara's Violent Unravell  Hex/Tmut       14%        3d7       54%         5
 Silence                  Hex/Air        9%         N/A       82%         5
 Passage of Golubria      Tloc           5%         N/A       86%         4
 Agony                    Necr           5%         N/A       99%         5
 Ozocubu's Refrigeration  Ice            2%         4d8       100%        7
 Ignition                 Fire           2%         3d3       100%        8


Dungeon Overview and Level Annotations

Branches:
Dungeon (11/15)            Temple (1/1) D:6            Lair (0/5) D:8
    Orc (0/2) D:11          Sewer (visited)          Bailey (visited)
  IceCv (1/1)

Altars:
Ashenzari
Cheibriados
Dithmenos
Elyvilon
Fedhas
Gozag
Hepliaklqana
Kikubaaqudgha
Makhleb
Nemelex Xobeh
Okawaru
Qazlal
Ru
Sif Muna
Trog
Uskayaw
Vehumet
Wu Jian
Xom
Yredelemnul
Zin
The Shining One

Shops:
D:3 (

Annotations:
D:6 2 runed translucent doors, Chingon's ghost, novice MiFi
D:11 Nergalle IceCv exclusion: 3 ice statues


Innate Abilities, Weirdness & Mutations

You cannot wear most types of armour.
You are amphibious.
You can wear up to eight rings at the same time.
Your skin changes colour to match your surroundings (Stealth+).
Your rubbery body absorbs attacks. (AC +1, EV +1)
((You are camouflaged when in or above water. (Stealth+)))
You have tentacles for arms and can constrict up to eight enemies at once.
You are agile. (Dex +4, Str/Int -1)
Your system is resistant to poisons. (rPois)
Your spells are a little harder to cast, but a little more powerful.


Message History

It was a potion of haste.
You feel yourself speed up.
As you read the scroll of teleportation, it crumbles to dust.
You feel strangely unstable.
The white ugly thing is engulfed in freezing vapours.
It was a potion of mutation.
You feel extremely strange.
You feel less in control of your magic.
You feel resistant to poisons.
You feel agile.
The ice statue gestures.
Your magical contamination has completely faded away.
It was a potion of lignification.
You turn into a tree.
Your +1 hat of stealth melds into your body.
You feel less stealthy.
Your roots penetrate the ground.
You feel strangely stable.
The ice beast hits you but does no damage.
You feel protected.
The dire elephant simulacrum tramples you but does no damage.
The dire elephant simulacrum trunk-slaps you but does no damage.
Okay, then.
Unknown command.
Unknown command.
Casting: Apportation (safe; 21% risk of failure)
Confirm with . or Enter, or press ? or * to list all spells.
Casting: Dazzling Flash (mildly dangerous; 11% risk of failure)
Press: ? - help, Dir - look around, f - activate The ice beast hits you but does no damage.
Unknown command.
It was a potion of cancellation.
Your magical effects are unravelling.
You feel magically purged.
You feel less wooden.
Your +1 hat of stealth unmelds from your body.
You feel stealthy.
You feel yourself slow down.
Your resistance to elements expires.
The white ugly thing barely misses you.
The dire elephant simulacrum closely misses you.
The dire elephant simulacrum trunk-slaps you but does no damage.
The ice beast closely misses you.
It was a potion of heal wounds.
You feel much better. The white ugly thing headbutts you!
The white ugly thing freezes you!!
You die...

##...##
##8##
##...##
##.....##
#.....?.#
#.......#
#?.....Z#
#)=...ZY#
#.[.=.u@#
#########


You could see an ice statue, a white ugly thing, an ice beast (summoned) and 2
dire elephant simulacra.

Vanquished Creatures
  Snorg (D:10)
  Erica (D:10)
  A boulder beetle (D:9)
  3 death yaks (D:7)
  Sonja (D:10)
  Amaemon (D:8)
  Pikel (D:4)
  Maurice (D:7)
  An ugly thing (IceCv)
  An orange demon (D:8)
  3 kobold demonologists
  Psyche (D:8)
  A gargoyle (D:10)
  2 rime drakes (D:11)
  3 komodo dragons
  An anaconda simulacrum (IceCv)
  2 shadows (D:9)
  Sigmund (D:6)
  22 yaks
  Eustachio (D:6)
  A steam dragon (D:8)
  2 death yak simulacra (IceCv)
  2 vampire mosquitoes (D:7)
  Menkaure (D:4)
  An acid dragon (D:10)
  Edmund (D:6)
  Duvessa (D:4)
  2 orc warriors
  2 ice beasts (D:5)
  A black bear (D:4)
  6 wolves (Bailey)
  A lemure (D:4)
  A centaur (D:6)
  2 kobold brigands
  10 gnoll sergeants
  2 bullfrogs
  A cane toad simulacrum (IceCv)
  12 wights
  Dowan (D:4)
  4 killer bees (D:10)
  2 elephant simulacra (IceCv)
  2 howler monkeys
  4 hounds
  2 jellies
  7 gnoll boudas
  7 orc priests
  12 orc wizards
  A hell rat (Sewer)
  An iguana (D:5)
  A wolf simulacrum (IceCv)
  A mummy (D:6)
  Robin (D:3)
  22 gnolls
  2 river rats (Sewer)
  10 adders
  A shadow imp (D:7)
  2 white imps
  A dart slug (D:1)
  30 orcs
  11 ball pythons
  2 bats
  An endoplasm (D:4)
  4 giant cockroaches
  15 goblins
  13 hobgoblins
  6 jackals
  13 kobolds
  2 quokkas
  4 frilled lizards
  11 rats
294 creatures vanquished.

Vanquished Creatures (others)
  A dancing weapon (D:9)
  A human (D:8)
  A butterfly (D:9)
  7 plants (D:8)
10 creatures vanquished.

Grand Total: 304 creatures vanquished

Notes
Turn   | Place    | Note
-------+----------+-------------------------------------------
     0 | D:1      | mopl the Octopode Brigand began the quest for the Orb.
     0 | D:1      | Reached XP level 1. HP: 14/14 MP: 1/1
   186 | D:1      | Reached XP level 2. HP: 19/19 MP: 2/2
   246 | D:1      | Found a faded altar of an unknown god.
   458 | D:1      | Reached skill level 1 in Long Blades
   519 | D:1      | Reached XP level 3. HP: 25/25 MP: 3/3
  1168 | D:2      | Reached XP level 4. HP: 27/30 MP: 2/4
  1647 | D:3      | Noticed Robin
  1670 | D:3      | Reached skill level 6 in Stealth
  1685 | D:3      | Killed Robin
  1758 | D:3      | Found a glowing drain.
  1786 | D:3      | Reached skill level 3 in Fighting
  1786 | D:3      | Reached skill level 3 in Throwing
  1795 | Sewer    | Entered a sewer
  1807 | Sewer    | Reached skill level 2 in Long Blades
  1807 | Sewer    | Reached XP level 5. HP: 36/36 MP: 5/5
  2055 | D:3      | Found a glowing silver altar of Zin.
  2103 | D:3      | Found Kulaho's Antique Weapon Shop.
  2113 | D:3      | Bought a transparent scimitar for 162 gold pieces
  2113 | D:3      | Identified the +10 scimitar of Turmoil {drain, rF+} (You
                  | bought it in a shop on level 3 of the Dungeon)
  2372 | D:4      | Noticed Dowan
  2374 | D:4      | Noticed Duvessa
  2386 | D:4      | Killed Duvessa
  2387 | D:4      | Reached XP level 6. HP: 37/42 MP: 3/6
  2405 | D:4      | Noticed Menkaure
  2414 | D:4      | Killed Menkaure
  2415 | D:4      | Reached skill level 3 in Long Blades
  2415 | D:4      | Reached skill level 7 in Stealth
  2418 | D:4      | Killed Dowan
  2419 | D:4      | Reached skill level 4 in Fighting
  2419 | D:4      | Reached skill level 4 in Throwing
  2419 | D:4      | Reached XP level 7. HP: 48/48 MP: 5/7
  2510 | D:4      | Learned a level 2 spell: Passwall
  2515 | D:4      | Learned a level 4 spell: Olgreb's Toxic Radiance
  2558 | D:4      | Noticed Pikel
  2623 | D:4      | Killed Pikel
  2624 | D:4      | Reached skill level 1 in Spellcasting
  2624 | D:4      | Reached skill level 1 in Transmutations
  2624 | D:4      | Reached skill level 1 in Earth Magic
  2624 | D:4      | Reached skill level 2 in Poison Magic
  2624 | D:4      | Reached XP level 8. HP: 39/54 MP: 10/10
  2627 | D:4      | Reached skill level 8 in Stealth
  2735 | D:4      | Found a bloodstained altar of Trog.
  2888 | D:4      | Reached skill level 4 in Long Blades
  3271 | D:5      | Entered Level 5 of the Dungeon
  3290 | D:5      | Reached skill level 2 in Transmutations
  3290 | D:5      | Reached skill level 2 in Earth Magic
  3321 | D:5      | Found an ornate altar of the Wu Jian Council.
  3407 | D:5      | Reached skill level 2 in Spellcasting
  3721 | D:5      | Reached skill level 3 in Poison Magic
  3741 | D:5      | Reached skill level 5 in Throwing
  3899 | D:5      | Found a hide-covered altar of Uskayaw.
  3995 | D:5      | Found a stormy altar of Qazlal.
  4285 | D:6      | Noticed Eustachio
  4290 | D:6      | Killed Eustachio
  4364 | D:6      | Reached XP level 9. HP: 58/58 MP: 12/12
  4377 | D:6      | Reached skill level 1 in Shields
  4389 | D:6      | Reached skill level 3 in Earth Magic
  4489 | D:6      | You are sucked into a shaft and drop 2 floors!
  4579 | D:8      | Found a shimmering altar of Xom.
  4633 | D:8      | Found a flagged portal.
  4648 | Bailey   | Entered a bailey
  4658 | Bailey   | Reached skill level 3 in Transmutations
  4861 | Bailey   | Reached skill level 9 in Stealth
  4902 | Bailey   | Reached skill level 3 in Spellcasting
  5029 | Bailey   | Reached skill level 2 in Shields
  5029 | Bailey   | Reached skill level 4 in Poison Magic
  5103 | Bailey   | Reached skill level 5 in Long Blades
  5601 | Bailey   | Reached skill level 6 in Throwing
  5617 | Bailey   | Reached skill level 3 in Shields
  5621 | Bailey   | Reached skill level 5 in Poison Magic
  5753 | D:8      | Noticed Psyche
  5844 | D:8      | Reached skill level 10 in Stealth
  6064 | D:8      | Reached XP level 10. HP: 55/58 MP: 14/14
  6233 | D:7      | Found a sacrificial altar of Ru.
  6306 | D:6      | Found a staircase to the Ecumenical Temple.
  6317 | Temple   | Entered the Ecumenical Temple
  6383 | Temple   | Became a worshipper of Dithmenos the Shadowed
  6424 | D:6      | Noticed Sigmund
  6426 | D:6      | Noticed Edmund
  6432 | D:6      | Killed Sigmund
  6437 | D:6      | Killed Edmund
  6441 | D:6      | Identified the +4 shortbow of Wyrd {elec, Will+}
  6481 | D:6      | Found a large runed translucent door.
  6481 | D:6      | Found a large runed translucent door.
  6482 | D:6      | Noticed Chingon's ghost (novice MiFi)
  6560 | D:6      | Found a snail-covered altar of Cheibriados.
  6887 | D:6      | Reached skill level 6 in Long Blades
  7560 | D:7      | Reached skill level 4 in Shields
  7563 | D:7      | Reached skill level 6 in Poison Magic
  7692 | D:8      | Noticed a kobold demonologist
  7692 | D:8      | Noticed a kobold demonologist
  7813 | D:8      | Noticed a rust devil
  7820 | D:7      | Noticed a smoke demon
  7820 | D:7      | Killed a kobold demonologist
  7822 | D:7      | Killed a kobold demonologist
  7823 | D:7      | Reached skill level 4 in Transmutations
  7823 | D:7      | Reached skill level 4 in Earth Magic
  7867 | D:8      | Noticed a kobold demonologist
  7881 | D:8      | Killed a kobold demonologist
  7881 | D:8      | Reached * piety under Dithmenos
  7882 | D:8      | Reached skill level 7 in Throwing
  7882 | D:8      | Reached skill level 11 in Stealth
  8036 | D:8      | Reached skill level 7 in Long Blades
  8036 | D:8      | Reached skill level 5 in Shields
  8049 | D:8      | Learned a level 3 spell: Tukima's Dance
  8053 | D:8      | Learned a level 3 spell: Dazzling Flash
  8060 | D:8      | Found an ancient bone altar of Kikubaaqudgha.
  8101 | D:8      | Found a staircase to the Lair.
  8102 | D:8      | Noticed a death yak
  8104 | D:8      | Noticed a death yak
  8112 | D:8      | Reached XP level 11. HP: 69/69 MP: 15/15
  8306 | D:8      | Noticed a death yak
  8306 | D:8      | Noticed Maurice
  8414 | D:7      | Killed a death yak
  8415 | D:7      | Reached skill level 1 in Conjurations
  8415 | D:7      | Reached skill level 1 in Hexes
  8555 | D:7      | Killed a death yak
  8556 | D:7      | Reached skill level 2 in Hexes
  8929 | D:7      | Killed Maurice
  8978 | D:7      | Killed a death yak
  9105 | D:8      | Reached skill level 2 in Conjurations
  9147 | D:8      | Noticed Amaemon
  9216 | D:8      | Killed Amaemon
  9217 | D:8      | Reached skill level 3 in Hexes
  9462 | D:8      | Killed Psyche
  9618 | D:9      | Reached ** piety under Dithmenos
  9818 | D:9      | Reached skill level 12 in Stealth
 10012 | D:9      | Noticed a boulder beetle
 10031 | D:9      | Killed a boulder beetle
 10032 | D:9      | Reached skill level 4 in Spellcasting
 10032 | D:9      | Reached skill level 4 in Hexes
 10032 | D:9      | Reached skill level 7 in Poison Magic
 10117 | D:9      | Reached skill level 8 in Throwing
 10117 | D:9      | Reached skill level 3 in Conjurations
 10119 | D:9      | Reached skill level 6 in Shields
 10159 | D:9      | Found a white marble altar of Elyvilon.
 10284 | D:10     | Entered Level 10 of the Dungeon
 10284 | D:10     | Noticed Snorg
 10289 | D:10     | Killed Snorg
 10290 | D:10     | Reached XP level 12. HP: 61/74 MP: 18/18
 10577 | D:10     | Noticed Sonja
 10589 | D:10     | Killed Sonja
 10594 | D:10     | Found an iron altar of Okawaru.
 10600 | D:10     | Reached skill level 5 in Hexes
 10702 | D:10     | Reached skill level 8 in Long Blades
 10710 | D:10     | Noticed Erica
 10740 | D:10     | Killed Erica
 10740 | D:10     | Reached *** piety under Dithmenos
 10741 | D:10     | Reached skill level 1 in Evocations
 11255 | D:11     | Noticed Nergalle
 11268 | D:11     | Found a staircase to the Orcish Mines.
 11289 | D:11     | Found a frozen archway.
 11300 | IceCv    | Entered an ice cave
 11574 | IceCv    | Reached skill level 2 in Evocations
 11644 | IceCv    | Identified the +4 ring mail of Huloq {Will+ Dex+4 Slay+2}
 11689 | IceCv    | Learned a level 1 spell: Apportation
 12163 | IceCv    | Gained mutation: Your spells are a little harder to cast,
                  | but a little more powerful. [potion of mutation]
 12163 | IceCv    | Gained mutation: Your system is resistant to poisons.
                  | (rPois) [potion of mutation]
 12163 | IceCv    | Gained mutation: You are agile. (Dex +4, Str/Int -1)
                  | [potion of mutation]
 12168 | IceCv    | Slain by a white ugly thing

Illustrated notes

Levels and vault maps discovered:
D:1:      dpeg_arrival_radiant, layout_loops_corners, basic_ecumenical_altar,
          glass_columns_a, chequers_serial_rivers_small_b
D:2:      layout_loops_ring, amcnicky_mini_corridor_feature,
          kennysheep_generic_room_3
D:3:      layout_loops_ring, lemuel_tele_altar, serial_shops,
          nicolae_diamond_shop, gup_sewer_entry_glass, uniq_robin
D:4:      layout_loops_ring, mainiacjoe_overflow_alcove_1, minmay_surrounded,
          uniq_duvessa, uniq_menkaure, uniq_pikel
D:5:      layout_basic, mainiacjoe_overflow_surrounded_room,
          nicolae_qazlal_eye_of_the_storm, nicolae_uskayaw_suspiria,
          minivault_14
D:6:      layout_rooms, slow_altar_2, minmay_temple_entry_butterflies,
          ebering_ghost_disaster_area, minmay_misc_feat_four_crosses,
          chequers_serial_rivers_room_b, uniq_sigmund, uniq_eustachio,
          uniq_edmund
D:7:      layout_loops_corners, nicolae_ru_sacrificial_ziggurat,
          chequers_serial_rivers_micro_e
D:8:      layout_basic, mainiacjoe_overflow_cross_hatched, tgw_kikubaaqudgha,
          dpeg_lair_monsters, enter_bailey_5, nicolae_figureground_pulse,
          uniq_maurice, uniq_psyche, uniq_amaemon
D:9:      layout_irregular_city, nicolae_elyvilon_peaceful_grove, minivault_25,
          chequers_serial_rivers_large_a
D:10:     layout_stronghold, lemuel_crystal_altar, serial_column_ruins,
          column_ruins_hut, column_ruins_hut_ruined, column_ruins_grid_2,
          column_ruins_corridor_straight, column_ruins_grid_1,
          column_ruins_open_medium, column_ruins_open_tiny,
          column_ruins_open_medium, column_ruins_open_medium, uniq_sonja,
          uniq_snorg, uniq_erica
D:11:     minmay_octagon_keep, layout_cave_pods, orc_0_dummy,
          muffindrake_ghost_dual_entry, portal_ice_cave_rime, uniq_urug,
          uniq_josephine, uniq_nergalle
Temple:   nicolae_temple_bog_church
IceCv:    ice_cave_statue_garden_chambered

Skill      XL: |  1  2  3  4  5  6  7  8  9 10 11 12 |
---------------+-------------------------------------+-----
Long Blades    | 1 2 3 4 5 7 8 |  8.2
Stealth        | 6 7 8 10 11 12 | 12.7
Fighting       | 3 4 |  4.0
Throwing       | 3 4 5 6 7 8 |  8.4
Spellcasting   | 1 2 3 4 |  4.8
Transmutations | 1 2 3 4 |  4.0
Earth Magic    | 1 2 3 4 |  4.0
Poison Magic   | 2 3 5 6 7 |  7.9
Shields        | 3 5 6 |  6.6
Conjurations   | 3 |  3.0
Hexes          | 4 5 |  5.7
Evocations     | 2 |  2.0
Short Blades   | |  2.0
Dodging        | |  1.0

Action                   |  1- 3 |  4- 6 |  7- 9 | 10-12 || total
-------------------------+-------+-------+-------+-------++-------
Melee: Dagger            |    59 |    80 |    44 |    28 ||   211
       Constrict         |    15 |    22 |    47 |    29 ||   113
       Tentacles         |     6 |    19 |    41 |    48 ||   114
       Punch             |       |     2 |     2 |     3 ||     7
       Scimitar          |       |    12 |   147 |   208 ||   367
Throw: Dart              |       |       |    11 |    12 ||    23
 Cast: Olgreb's Toxic Ra |       |       |       |    36 ||    36
       Tukima's Dance    |       |       |       |     6 ||     6
       Passwall          |       |       |       |     5 ||     5
       Apportation       |       |       |       |     2 ||     2
       Dazzling Flash    |       |       |       |     1 ||     1
Evoke: Wand              |       |       |       |    22 ||    22
  Use: Scroll            |       |       |     6 |     6 ||    12
       Potion            |       |       |       |     8 ||     8
 Stab: Sleeping          |     9 |    12 |    17 |    19 ||    57
       Distracted        |       |       |     1 |     2 ||     3
       Paralysed         |       |       |       |     3 ||     3
Armor: Skin              |     9 |    12 |    35 |    50 ||   106
Dodge: Dodged            |    30 |    37 |   144 |   123 ||   334

Table legend: (Time is in decaauts)
 A = Elapsed time spent in this place.
 B = Non-inter-level travel time spent in this place.
 C = Inter-level travel time spent in this place.
 D = Time resting spent in this place.
 E = Time spent auto-exploring this place.
 F = Levels seen in this place.
 G = Mean time per level.
                   A        B        C        D        E       F      G
               +--------+--------+--------+--------+--------+-----+--------+
         Total |  12137 |  11594 |    543 |   2694 |   5575 |  15 |  809.1 |
       Dungeon |  10029 |   9504 |    525 |   1493 |   5420 |  11 |  911.7 |
        Temple |     85 |     68 |     17 |      0 |     46 |   1 |   85.0 |
         Sewer |     67 |     67 |      0 |      0 |     14 |   1 |   67.0 |
        Bailey |   1091 |   1091 |      0 |    534 |     95 |   1 | 1091.0 |
      Ice Cave |    862 |    862 |      0 |    667 |      0 |   1 |  862.0 |
               +--------+--------+--------+--------+--------+-----+--------+

Top non-repeatable levels by time:
     D:7: 2002 daAuts
     D:8: 1476 daAuts
  Bailey: 1091 daAuts
     D:4: 1033 daAuts
     D:1: 896 daAuts
     D:5: 872 daAuts
   IceCv: 862 daAuts
     D:9: 837 daAuts
    D:10: 831 daAuts
     D:2: 744 daAuts
     D:6: 660 daAuts
     D:3: 626 daAuts
  Temple: 85 daAuts
   Sewer: 67 daAuts
    D:11: 47 daAuts
